AoeStats
← Infadel

Arabia

510444654Analyzed
1v1 RM · 1d ago on Oct 1, 2026· 43m 40s· 2 players
Game mode
Random Map
Map size
Tiny (2 player)
Population
200
Speed
Normal
Resources
Standard
Victory
Conquest
Starting age
Dark Age
Ending age
Imperial Age
RankedLock teamsTeams togetherTeam positionsShared explorationLock speedFull tech treeHidden civsTurbo modeCheats
Victory
Defeat
🇮🇳 Mongols · India
1088
+15
🇺🇾 Byzantines · Uruguay
1072
-15
matalobos
6:15 Loom
9:20 Feudal Age
10:21 Double-Bit Axe
22:43 Castle Age
22:55 Scale Barding Armor
23:46 Husbandry
25:26 Chain Barding Armor
28:31 Elite Skirmisher
34:59 Ballistics
35:25 Fletching
35:37 Padded Archer Armor
38:56 Imperial Age
42:34 Heavy Camel Rider
Infadel
7:20 Loom
9:16 Feudal Age
7:34 Loom
10:19 Double-Bit Axe
12:43 Horse Collar
22:36 Castle Age
22:10 Bloodlines
22:50 Gold Mining
23:02 Fletching
23:12 Padded Archer Armor
24:16 Bodkin Arrow
24:49 Bow Saw
26:15 Town Watch
27:28 Wheelbarrow
27:48 Leather Archer Armor
29:45 Hand Cart
31:55 Gold Shaft Mining
33:47 Forging
35:47 Iron Casting
36:01 Stone Mining
37:15 Husbandry
37:34 Scale Barding Armor
41:54 Imperial Age
40:29 Stone Shaft Mining
40:37 Thumb Ring
40:55 Light Cavalry
Connection lost

Rejoining the realm…

Still unreachable

The connection could not be restored.

Session expired

The server has moved on; the page needs a fresh start.